MLB
ATLANTA BRAVES @ SAN DIEGO PADRES
06/22/2044
 
TOP OF THE 1ST
Atlanta Braves batting - Pitching for San Diego Padres : LHP Gerardo Amendoeira
Pitching: LHP Gerardo Amendoeira
Batting: RHB Liangde Li 0-0: Ball
1-0: Called Strike
1-1: Ball
2-1: Swinging Strike
2-2: Strikes out swinging
Batting: RHB Tom Beckman 0-0: Ball
1-0: Ball
2-0: DOUBLE (Groundball, 5L, EV 103.8 MPH)
Batting: RHB Butch Kaiser 0-0: Ball
1-0: Foul Ball, location: 2F
1-1: Fly out, F6 (Line Drive, 6, EV 72.5 MPH)
Batting: SHB Ken Welch 0-0: Called Strike
0-1: Fly out, F7 (Flyball, 78D, EV 103.8 MPH)
Top of the 1st over - 0 runs, 1 hit, 0 errors, 1 left on base; Atlanta 0 - San Diego 0
BOTTOM OF THE 1ST
San Diego Padres batting - Pitching for Atlanta Braves : RHP Edwin Rivera
Pitching: RHP Edwin Rivera
Batting: LHB Per Meulengracht 0-0: Swinging Strike
0-1: Foul Ball, location: 2F
0-2: Ball
1-2: Ball
2-2: Ball
3-2: Ground out 6-3 (Groundball, 6, EV 95.0 MPH)
Batting: LHB Andy Bowman 0-0: Fly out, F7 (Flyball, 78D, EV 97.5 MPH)
Batting: SHB Jerry Luckwell 0-0: Foul Ball, location: 2F
0-1: Swinging Strike
0-2: Foul Ball, location: 2F
0-2: Ball
1-2: Strikes out looking
Bottom of the 1st over - 0 runs, 0 hits, 0 errors, 0 left on base; Atlanta 0 - San Diego 0
TOP OF THE 2ND
Atlanta Braves batting - Pitching for San Diego Padres : LHP Gerardo Amendoeira
Batting: RHB John Creel 0-0: Ball
1-0: Foul Ball, location: 2F
1-1: Swinging Strike
1-2: Strikes out swinging
Batting: RHB Itsuo Egami 0-0: Ball
1-0: Bunt - Flyout to 2R! F2
Batting: RHB Francisco Hernandez 0-0: Called Strike
0-1: Ground out 6-3 (Groundball, 6, EV 78.1 MPH)
Top of the 2nd over - 0 runs, 0 hits, 0 errors, 0 left on base; Atlanta 0 - San Diego 0
BOTTOM OF THE 2ND
San Diego Padres batting - Pitching for Atlanta Braves : RHP Edwin Rivera
Batting: LHB Aaron LeBlanc 0-0: Called Strike
0-1: Swinging Strike
0-2: Ground out U3 (Groundball, 34, EV 102.5 MPH)
Batting: RHB Chiel Palstermans 0-0: Fly out, F9 (Line Drive, 9D, EV 101.3 MPH)
Batting: RHB Alois Wollf 0-0: Foul Ball, location: 2F
0-1: Swinging Strike
0-2: Ball
1-2: Ball
2-2: Strikes out looking
Bottom of the 2nd over - 0 runs, 0 hits, 0 errors, 0 left on base; Atlanta 0 - San Diego 0
TOP OF THE 3RD
Atlanta Braves batting - Pitching for San Diego Padres : LHP Gerardo Amendoeira
Batting: RHB Danny Anderson 0-0: Fly out, F8 (Flyball, 8RS, EV 88.8 MPH)
Batting: LHB Tom Best 0-0: Ball
1-0: Called Strike
1-1: Foul Ball, location: 2F
1-2: Strikes out swinging
Batting: RHB Liangde Li 0-0: Ball
1-0: Called Strike
1-1: Ball
2-1: Ball
3-1: Base on Balls
Batting: RHB Tom Beckman 0-0: Ball
1-0: Called Strike
1-1: Ball
2-1: Ball
3-1: Base on Balls
Liangde Li to second
Batting: RHB Butch Kaiser 0-0: SINGLE (Groundball, 3D, EV 95.6 MPH)
Liangde Li to third
Tom Beckman to second
Runner from 3rd tries for Home, SAFE, throw by RF to home
Batting: SHB Ken Welch 0-0: Ball
1-0: Ball
2-0: Foul Ball, location: 2F
2-1: Fly out, F7 (Flyball, 7D, EV 103.8 MPH)
Top of the 3rd over - 1 run, 1 hit, 0 errors, 2 left on base; Atlanta 1 - San Diego 0
BOTTOM OF THE 3RD
San Diego Padres batting - Pitching for Atlanta Braves : RHP Edwin Rivera
Batting: RHB Alberto Cotto 0-0: Called Strike
0-1: Ball
1-1: Called Strike
1-2: SOLO HOME RUN (Flyball, 7D, EV 100.6 MPH), Distance : 377 ft
Batting: LHB Chris Moody 0-0: Foul Ball, location: 2F
0-1: Called Strike
0-2: Strikes out swinging
Batting: LHB Joseph Martin 0-0: Fly out, F6 (Flyball, 56D, EV 87.5 MPH)
Batting: LHB Per Meulengracht 0-0: Ground out 3-1 (Groundball, 34, EV 85.0 MPH)
Bottom of the 3rd over - 1 run, 1 hit, 0 errors, 0 left on base; Atlanta 1 - San Diego 1
TOP OF THE 4TH
Atlanta Braves batting - Pitching for San Diego Padres : LHP Gerardo Amendoeira
Batting: RHB John Creel 0-0: Ball
1-0: Called Strike
1-1: Ball
2-1: Ball
3-1: Ground out 1-3 (Groundball, 13S, EV 77.5 MPH)
Batting: RHB Itsuo Egami 0-0: Ball
1-0: SINGLE (Groundball, 56, EV 106.3 MPH) (infield hit)
Batting: RHB Francisco Hernandez 0-0: Called Strike
0-1: Ball
1-1: Ball
2-1: Called Strike
2-2: Ball
3-2: Strikes out looking
Batting: RHB Danny Anderson 0-0: Swinging Strike
0-1: Ball
1-1: Foul Ball, location: 2F
1-2: Ball
2-2: Foul Ball, location: 2F
2-2: Ball
3-2: Base on Balls
Itsuo Egami to second
Batting: LHB Tom Best 0-0: Called Strike
0-1: Ball
1-1: DOUBLE (Groundball, 3L, EV 99.4 MPH)
Itsuo Egami scores
Danny Anderson to third
Runner from 3rd tries for Home, throw by RF and OUT! 9-4-2
Top of the 4th over - 1 run, 2 hits, 0 errors, 1 left on base; Atlanta 2 - San Diego 1
BOTTOM OF THE 4TH
San Diego Padres batting - Pitching for Atlanta Braves : RHP Edwin Rivera
Batting: LHB Andy Bowman 0-0: Ball
1-0: Hit by Pitch
Batting: SHB Jerry Luckwell 0-0: Ball
1-0: Called Strike
1-1: SINGLE (Line Drive, 8RS, EV 101.3 MPH)
Andy Bowman to second
Batting: LHB Aaron LeBlanc 0-0: Called Strike
0-1: Foul Ball, location: 2F
0-2: Ball
1-2: Ball
2-2: Grounds into double play, 4-6-3 (Groundball, 4, EV 81.9 MPH)
Andy Bowman to third
Batting: RHB Chiel Palstermans 0-0: Called Strike
0-1: Ball
1-1: Ground out 3-1 (Groundball, 34, EV 82.5 MPH)
Bottom of the 4th over - 0 runs, 1 hit, 0 errors, 1 left on base; Atlanta 2 - San Diego 1
TOP OF THE 5TH
Atlanta Braves batting - Pitching for San Diego Padres : LHP Gerardo Amendoeira
Batting: RHB Liangde Li 0-0: Ball
1-0: Foul Ball, location: 2F
1-1: Ball
2-1: Fly out, F7 (Flyball, 7, EV 83.8 MPH)
Batting: RHB Tom Beckman 0-0: Ball
1-0: Ball
2-0: Ball
3-0: Called Strike
3-1: Ground out 3-1 (Groundball, 34, EV 97.5 MPH)
Batting: RHB Butch Kaiser 0-0: Ball
1-0: Swinging Strike
1-1: Ground out 4-3 (Groundball, 13, EV 81.3 MPH)
Top of the 5th over - 0 runs, 0 hits, 0 errors, 0 left on base; Atlanta 2 - San Diego 1
BOTTOM OF THE 5TH
San Diego Padres batting - Pitching for Atlanta Braves : RHP Edwin Rivera
Batting: RHB Alois Wollf 0-0: Ball
1-0: Ball
2-0: Ball
3-0: Called Strike
3-1: Fly out, F8 (Line Drive, 8LM, EV 107.5 MPH)
Batting: RHB Alberto Cotto 0-0: Ball
1-0: Foul Ball, location: 2F
1-1: Called Strike
1-2: Ball
2-2: Fly out, F7 (Flyball, 7, EV 91.9 MPH)
Batting: LHB Chris Moody 0-0: Ball
1-0: Ball
2-0: Foul Ball, location: 2F
2-1: Ball
3-1: SINGLE (Groundball, 34D, EV 98.1 MPH)
Batting: LHB Joseph Martin 0-0: Foul Ball, location: 2F
0-1: SINGLE (Flyball, 8LS, EV 94.4 MPH)
Chris Moody to second
Batting: LHB Per Meulengracht 0-0: Foul Ball, location: 2F
0-1: Called Strike
0-2: Ball
1-2: Ground out 4-3 (Groundball, 4, EV 90.0 MPH)
Bottom of the 5th over - 0 runs, 2 hits, 0 errors, 2 left on base; Atlanta 2 - San Diego 1
TOP OF THE 6TH
Atlanta Braves batting - Pitching for San Diego Padres : LHP Gerardo Amendoeira
Batting: SHB Ken Welch 0-0: Ball
1-0: Called Strike
1-1: Ground out 4-3 (Groundball, 6MD, EV 75.6 MPH)
Batting: RHB John Creel 0-0: Called Strike
0-1: Swinging Strike
0-2: Ball
1-2: Strikes out swinging
Batting: RHB Itsuo Egami 0-0: Ball
1-0: Ball
2-0: Foul Ball, location: 2F
2-1: Ball
3-1: Base on Balls
Batting: RHB Francisco Hernandez 0-0: Ball
1-0: Called Strike
1-1: Ball
2-1: Foul Ball, location: 2F
2-2: Ball
3-2: Foul Ball, location: 2F
3-2: Foul Ball, location: 2F
3-2: Foul Ball, location: 2F
3-2: Reached on error, E4 (Groundball, 6MD, EV 79.4 MPH)
Itsuo Egami to third
Batting: RHB Danny Anderson 0-0: Called Strike
0-1: Ball
1-1: Swinging Strike
1-2: Foul Ball, location: 2F
1-2: Strikes out swinging
Top of the 6th over - 0 runs, 0 hits, 1 error, 2 left on base; Atlanta 2 - San Diego 1
BOTTOM OF THE 6TH
San Diego Padres batting - Pitching for Atlanta Braves : RHP Edwin Rivera
Batting: LHB Andy Bowman 0-0: Called Strike
0-1: Ball
1-1: Called Strike
1-2: Foul Ball, location: 2F
1-2: Ball
2-2: Foul Ball, location: 2F
2-2: Foul Ball, location: 2F
2-2: DOUBLE (Groundball, 3L, EV 100.6 MPH)
Batting: SHB Jerry Luckwell 0-0: SINGLE (Line Drive, 8RS, EV 93.8 MPH)
Andy Bowman to third
Runner from 3rd tries for Home, SAFE, throw by CF to home
Jerry Luckwell to second
Batting: LHB Aaron LeBlanc 0-0: Ball
1-0: Ground out U3 (Groundball, 3S, EV 80.0 MPH)
Jerry Luckwell to third
Batting: RHB Chiel Palstermans 0-0: Ball
1-0: Ball
2-0: Called Strike
2-1: Fly out, F9 (Flyball, 9S, EV 90.6 MPH)
Batting: RHB Alois Wollf 0-0: Swinging Strike
0-1: Called Strike
0-2: Ground out 6-3 (Groundball, 6, EV 84.4 MPH)
Bottom of the 6th over - 1 run, 2 hits, 0 errors, 1 left on base; Atlanta 2 - San Diego 2
TOP OF THE 7TH
Atlanta Braves batting - Pitching for San Diego Padres : LHP Gerardo Amendoeira
Batting: LHB Tom Best 0-0: Foul Ball, location: 2F
0-1: Ball
1-1: Foul Ball, location: 2F
1-2: Strikes out swinging
Pitching: RHP Raul Almonte
Batting: RHB Liangde Li 0-0: Called Strike
0-1: Foul Ball, location: 2F
0-2: Ball
1-2: Strikes out swinging
Batting: RHB Tom Beckman 0-0: Ball
1-0: Swinging Strike
1-1: Ground out 6-3 (Groundball, 6M, EV 84.4 MPH)
Top of the 7th over - 0 runs, 0 hits, 0 errors, 0 left on base; Atlanta 2 - San Diego 2
BOTTOM OF THE 7TH
San Diego Padres batting - Pitching for Atlanta Braves : RHP Edwin Rivera
Batting: RHB Alberto Cotto 0-0: Called Strike
0-1: Ground out 6-3 (Groundball, 6M, EV 86.9 MPH)
Batting: LHB Chris Moody 0-0: Ball
1-0: Ground out 4-3 (Groundball, 34, EV 101.3 MPH)
Batting: LHB Joseph Martin 0-0: Called Strike
0-1: Foul Ball, location: 2F
0-2: Ground out 1-3 (Groundball, 13S, EV 69.4 MPH)
Bottom of the 7th over - 0 runs, 0 hits, 0 errors, 0 left on base; Atlanta 2 - San Diego 2
TOP OF THE 8TH
Atlanta Braves batting - Pitching for San Diego Padres : RHP Raul Almonte
Batting: RHB Butch Kaiser 0-0: Ball
1-0: Foul Ball, location: 2F
1-1: Ball
2-1: SINGLE (Line Drive, 8RS, EV 91.3 MPH)
Batting: SHB Ken Welch 0-0: Ball
1-0: Ball
2-0: Called Strike
2-1: Ball
3-1: 2-RUN HOME RUN (Line Drive, 9D, EV 106.3 MPH), Distance : 403 ft
Batting: RHB John Creel 0-0: Ball
1-0: Foul Ball, location: 2F
1-1: Ball
2-1: Foul Ball, location: 2F
2-2: Strikes out swinging
Batting: RHB Itsuo Egami 0-0: Called Strike
0-1: Swinging Strike
0-2: Ball
1-2: Fly out, F9 (Flyball, 89M, EV 94.4 MPH)
Batting: RHB Francisco Hernandez 0-0: Ball
1-0: Ball
2-0: Swinging Strike
2-1: Ball
3-1: Ground out 6-3 (Groundball, 56, EV 106.3 MPH)
Top of the 8th over - 2 runs, 2 hits, 0 errors, 0 left on base; Atlanta 4 - San Diego 2
BOTTOM OF THE 8TH
San Diego Padres batting - Pitching for Atlanta Braves : RHP Edwin Rivera
Batting: LHB Per Meulengracht 0-0: Ball
1-0: Ball
2-0: Called Strike
2-1: Ball
3-1: Base on Balls
Batting: LHB Andy Bowman 0-0: Ball
1-0: Fly out, F5 (Line Drive, 5, EV 71.3 MPH)
Batting: SHB Jerry Luckwell 0-0: Called Strike
0-1: Ball
1-1: Foul Ball, location: 2F
1-2: Foul Ball, location: 2F
1-2: Fly out, F8 (Flyball, 8LM, EV 91.9 MPH)
Batting: LHB Aaron LeBlanc 0-0: Ball
1-0: Ball
2-0: Ball
3-0: Called Strike
3-1: Base on Balls
Per Meulengracht to second
Pinch Hitting: LHB Mike Holt 0-0: Ball
1-0: Ball
2-0: Ball
3-0: Base on Balls
Per Meulengracht to third
Aaron LeBlanc to second
Pitching: RHP Charles Hewson
Batting: RHB Alois Wollf 0-0: Ball
1-0: Fly out, F7 (Flyball, 78D, EV 99.4 MPH)
Bottom of the 8th over - 0 runs, 0 hits, 0 errors, 3 left on base; Atlanta 4 - San Diego 2
TOP OF THE 9TH
Atlanta Braves batting - Pitching for San Diego Padres : RHP Raul Almonte
Pitching: LHP Tommy Hall
Now at 1B: Andy Bowman
Now at 3B: Alberto Cotto
Now at SS: Jerry Luckwell
Now in CF: Mike Holt
Batting: RHB Danny Anderson 0-0: Called Strike
0-1: Swinging Strike
0-2: Ball
1-2: Ball
2-2: Strikes out swinging
Batting: LHB Tom Best 0-0: Called Strike
0-1: Foul Ball, location: 2F
0-2: Ground out 1-3 (Groundball, 23, EV 64.4 MPH)
Batting: RHB Liangde Li 0-0: Ball
1-0: Ball
2-0: Ground out 1-3 (Groundball, 13S, EV 70.0 MPH)
Top of the 9th over - 0 runs, 0 hits, 0 errors, 0 left on base; Atlanta 4 - San Diego 2
BOTTOM OF THE 9TH
San Diego Padres batting - Pitching for Atlanta Braves : RHP Charles Hewson
Pitching: RHP Mike Aguilar
Batting: RHB Alberto Cotto 0-0: Fly out, F8 (Flyball, 8RM, EV 83.1 MPH)
Batting: LHB Chris Moody 0-0: Foul Ball, location: 2F
0-1: Ball
1-1: Swinging Strike
1-2: Fly out, F9 (Flyball, 89S, EV 87.5 MPH)
Pinch Hitting: RHB Bobby Ayala 0-0: Called Strike
0-1: Swinging Strike
0-2: Foul Ball, location: 2F
0-2: Ball
1-2: Ball
2-2: Ground out 6-3 (Groundball, 6, EV 105.0 MPH)
Bottom of the 9th over - 0 runs, 0 hits, 0 errors, 0 left on base; Atlanta 4 - San Diego 2
Thursday, March 31st , 2022 - OOTP Baseball 22.12 Build 89